 Dungeon Crawl Stone Soup version 0.31-a0-656-gb4d89c20fa (webtiles) character file.

Game seed: 10578144045488272363

4756 Dordric the Grappler (level 10, -10/69 HPs)
             Began as an Octopode Shapeshifter on Aug 30, 2023.
             Was a Believer of Trog.
             Mangled by a two-headed ogre
             ... wielding a +0 giant spiked club
              (17 damage)
             ... on level 9 of the Dungeon.
             The game lasted 00:12:37 (8065 turns).

Dordric the Grappler (Octopode Shapeshifter)        Turns: 8065, Time: 00:12:38

Health: -10/69     AC: 17    Str: 22    XL:     10   Next: 46%
Magic:  10/10      EV: 10    Int: 13    God:    Trog [**....]
Gold:   810        SH:  5    Dex: 12    Spells: 9/9 levels left

rFire   . . .        l - melded +0 dagger (venom)
rCold   . . .        s - melded +0 buckler
rNeg    . . .        (helmet currently unavailable)
rPois   +            B - amulet of reflection
rElec   .            f - +4 ring of protection
rCorr   .            g - +4 ring of protection
SInv    .            q - ring of poison resistance
Will    ++...        (no ring)
Stlth   +            (no ring)
HPRegen 1.31/turn    (no ring)
MPRegen 0.12/turn    (no ring)
                     (no ring)

%: reflection
@: snake-form, strong-willed, on berserk cooldown, regenerating, slowed, very
slow
A: constrict, boosted hp, almost no armour, amphibious, 8 rings, large,
(camouflage 1), (gelatinous body 1), (nimble swimmer 1), (tentacles)
a: Begin Untransformation, Renounce Religion, Berserk, Trog's Hand


You were on level 9 of the Dungeon.
You worshipped Trog.
Trog was pleased with you.
You were an enormous anaconda.
You visited 2 branches of the dungeon, and saw 10 of its levels.
You also visited: Sewer and Ossuary.

You collected 810 gold pieces.

Inventory:

Hand Weapons
 l - a +0 dagger of venom (melded)
Armour
 s - a +0 buckler (melded)
Jewellery
 f - a +4 ring of protection (left tentacle)
 g - a +4 ring of protection (right tentacle)
 p - a ring of resist corrosion
 q - a ring of poison resistance (on tentacle)
 B - an amulet of reflection (around neck)
 C - an amulet of faith
 M - a ring of positive energy
Talismans
 b - a beast talisman
 c - a flux talisman
 h - a serpent talisman (active)
Wands
 e - a wand of flame (17)
 m - a wand of light (13)
 J - a wand of iceblast (11)
Scrolls
 d - 2 scrolls of poison
 i - a scroll of enchant armour
 j - 5 scrolls of teleportation
 o - 3 scrolls of fear
 r - 3 scrolls of immolation
 v - a scroll of summoning
 x - 2 scrolls of amnesia
 y - 3 scrolls of vulnerability
 E - a scroll of torment
 K - a scroll of identify
Potions
 a - a potion of lignification
 k - a potion of heal wounds {unknown}
 n - 4 potions of enlightenment {unknown}
 t - 6 potions of curing {unknown}
 u - 3 potions of haste {unknown}
 w - 2 potions of might {unknown}
 z - a potion of ambrosia {unknown}
 A - a potion of attraction {unknown}
 D - a potion of mutation {unknown}
 F - a potion of invisibility {unknown}
 G - a potion of berserk rage {unknown}
 H - a potion of experience {unknown}
 I - a potion of cancellation {unknown}
 L - a potion of brilliance {unknown}


   Skills:
 - Level 1.0 Fighting
 - Level 2.0 Dodging
 + Level 11.0 Unarmed Combat
 + Level 10.4 Shapeshifting


You had 9 spell levels left.
You didn't know any spells.
Your spell library contained the following spells:

 Spells                   Type           Power      Damage    Failure   Level
 Apportation              Tloc           0%         N/A       30%         1
 Necrotise                Necr           0%         1d4       30%         1
 Summon Small Mammal      Summ           0%         N/A       30%         1
 Sublimation of Blood     Necr           0%         N/A       43%         2
 Wereblood                Tmut           0%         N/A       43%         2
 Malign Gateway           Summ/Tloc      0%         N/A       100%        7
 Summon Hydra             Summ           0%         N/A       100%        7
 Summon Horrible Things   Summ           0%         N/A       100%        8


Dungeon Overview and Level Annotations

Branches:
Dungeon (9/15)             Temple (1/1) D:5           Sewer (visited)
Ossuary (visited)
   Lair: D:8-11         Orc: D:9-12

Altars:
Ashenzari
Cheibriados
Dithmenos
Elyvilon
Fedhas
Hepliaklqana
Kikubaaqudgha
Makhleb
Nemelex Xobeh
Okawaru
Qazlal
Ru
Sif Muna
Trog
Uskayaw
Vehumet
Wu Jian
Xom
Yredelemnul
Zin
The Shining One

Shops:
D:4 [


Innate Abilities, Weirdness & Mutations

You are an enormous anaconda.
You have a powerful constriction melee attack.
Your maximum health is increased.
Your armour is entirely melded.
You are incapable of wielding weapons or throwing items.
You cannot wear most types of armour.
You are amphibious.
You can wear up to eight rings at the same time.
((Your skin changes colour to match your surroundings (Stealth+).))
((Your rubbery body absorbs attacks. (AC +1, EV +1)))
((You are camouflaged when in or above water. (Stealth+)))
((You have tentacles for arms and can constrict up to eight enemies at once.))


Message History

You are held in a net!
You are held in a net!
You are held in a net!
There are monsters nearby!
Unknown command.
Your skin crawls.
You feel strong-willed.
The two-headed ogre hits you with a +0 giant spiked club!
The two-headed ogre hits you but does no damage.
The gnoll hits you but does no damage.
A red film seems to cover your vision as you go berserk!
You feel yourself moving faster!
You feel mighty! The gnoll hits you but does no damage.
The two-headed ogre hits you with a +0 giant spiked club.
The two-headed ogre hits you with a +0 giant club!!
You struggle against the net.
You feel a strong urge to attack something.
The gnoll hits you but does no damage.
The gnoll bouda barks out a call to the hunt!
The gnolls pick up the pace!
You struggle against the net.
The gnoll bouda hits you with a +0 club!
The two-headed ogre hits you with a +0 giant spiked club!!
The two-headed ogre hits you with a +0 giant club!!
* * * LOW HITPOINT WARNING * * *
The gnoll hits you with a +0 club.
* * * LOW HITPOINT WARNING * * *
You struggle against the net.
You feel your anger nearly subside.
You shred the net and break free!
You are no longer berserk.
You are exhausted.
You feel yourself slow down.
Your attacks no longer feel as feeble.
The gnoll closely misses you.
You lash the two-headed ogre! You grab the two-headed ogre.
The two-headed ogre is moderately wounded.
You constrict the two-headed ogre.
The two-headed ogre hits you with a +0 giant spiked club!
You die...

#......#.#..#
#.....#...#..#
##....#.....#...
#.....#.~~~. ...#
#.####.....#~...~
....
#.........#~._.~
...#.
#.#####....#
###.....#
#...Sg..#
#....gO)...#
#.....g.....#
#.#...#..###.#
###... ..# . #...
... #... ....
#... ....#


You could see a two-headed ogre, a gnoll bouda and 2 gnolls.

Vanquished Creatures
  A two-headed ogre (D:8)
  A tengu conjurer (D:8)
  A steam dragon (D:8)
  2 water moccasins
  Duvessa (D:7)
  3 ice beasts
  A sky beast (D:6)
  A black bear (D:6)
  Pargi (D:4)
  An orc warrior (D:7)
  2 ogres
  2 centaurs (D:6)
  3 phantoms
  6 kobold brigands (Sewer)
  3 bullfrogs
  4 scorpions
  4 wights (D:8)
  Dowan (D:7)
  3 killer bees (D:8)
  A howler monkey (D:7)
  2 orc priests
  3 jellies
  2 gnoll boudas
  5 hounds
  A sleepcap (D:6)
  2 iguanas
  2 orc wizards
  8 mummies (Ossuary)
  16 gnolls
  12 adders
  A river rat (Sewer)
  3 shadow imps
  2 white imps
  3 worms
  5 dart slugs
  20 orcs
  5 bats
  16 endoplasms
  4 giant cockroaches
  A gnoll zombie (Ossuary)
  7 goblins
  8 hobgoblins
  2 quokkas
  9 ball pythons
  4 frilled lizards
  2 hobgoblin zombies (Ossuary)
  13 kobolds
  4 kobold zombies (Ossuary)
  An orc zombie (Ossuary)
  11 rats
216 creatures vanquished.

Vanquished Creatures (others)
  A gnoll (D:8)
1 creature vanquished.

Grand Total: 217 creatures vanquished

Notes
Turn   | Place    | Note
-------+----------+-------------------------------------------
     0 | D:1      | Dordric the Octopode Shapeshifter began the quest for the
                  | Orb.
     0 | D:1      | Reached XP level 1. HP: 13/13 MP: 1/1
   161 | D:1      | Reached XP level 2. HP: 11/18 MP: 2/2
   498 | D:1      | Reached XP level 3. HP: 16/23 MP: 3/3
  1327 | D:2      | Reached XP level 4. HP: 28/28 MP: 4/4
  1368 | D:2      | Noticed an ogre
  1376 | D:2      | Killed an ogre
  1377 | D:2      | Reached skill level 5 in Shapeshifting
  1377 | D:2      | Reached XP level 5. HP: 29/33 MP: 5/5
  1858 | D:3      | Found a basalt altar of Yredelemnul.
  1975 | D:3      | Noticed a phantom
  1990 | D:3      | Killed a phantom
  1991 | D:3      | Reached XP level 6. HP: 31/38 MP: 6/6
  2580 | D:3      | Found a shadowy altar of Dithmenos.
  2665 | D:4      | Found Nusehae's Armour Boutique.
  2719 | D:4      | Found a glowing drain.
  2724 | Sewer    | Entered a sewer
  3015 | Sewer    | Reached XP level 7. HP: 43/43 MP: 7/7
  3258 | Sewer    | Reached skill level 4 in Unarmed Combat
  3557 | D:4      | Noticed Pargi
  3558 | D:4      | Found a hide-covered altar of Uskayaw.
  3558 | D:4      | Noticed a +0 dagger
  3558 | D:4      | Noticed a +0 dagger
  3564 | D:4      | Killed Pargi
  3565 | D:4      | Reached skill level 5 in Unarmed Combat
  3565 | D:4      | Reached XP level 8. HP: 37/48 MP: 8/8
  3631 | D:4      | Found a radiant altar of Vehumet.
  3689 | D:4      | Reached skill level 6 in Unarmed Combat
  3810 | D:4      | Found a snail-covered altar of Cheibriados.
  4166 | D:5      | Entered Level 5 of the Dungeon
  4171 | D:5      | Found a shimmering altar of Xom.
  4442 | D:5      | Found a staircase to the Ecumenical Temple.
  4584 | Temple   | Found a transporter.
  4584 | Temple   | Found a transporter.
  4584 | Temple   | Found a transporter.
  4584 | Temple   | Found a transporter.
  4584 | Temple   | Entered the Ecumenical Temple
  4615 | Temple   | Became a worshipper of Trog the Wrathful
  4700 | D:5      | Reached skill level 7 in Unarmed Combat
  4731 | D:5      | Found an iron altar of Okawaru.
  5306 | D:6      | Reached skill level 8 in Unarmed Combat
  5515 | D:6      | Reached XP level 9. HP: 40/53 MP: 9/9
  5748 | D:6      | Reached * piety under Trog
  5883 | D:6      | Reached skill level 9 in Unarmed Combat
  6428 | D:7      | Found a sand-covered staircase.
  6438 | Ossuary  | Entered an ossuary
  6466 | Ossuary  | Reached ** piety under Trog
  6929 | D:7      | Noticed Dowan
  6930 | D:7      | Noticed Duvessa
  6935 | D:7      | Killed Dowan
  6942 | D:7      | Killed Duvessa
  6947 | D:7      | Reached skill level 10 in Unarmed Combat
  6987 | D:7      | Reached XP level 10. HP: 58/58 MP: 10/10
  7250 | D:8      | Found a broken altar of Ashenzari.
  7305 | D:8      | Noticed a two-headed ogre
  7321 | D:8      | Killed a two-headed ogre
  7322 | D:8      | Reached skill level 10 in Shapeshifting
  7662 | D:8      | Reached skill level 11 in Unarmed Combat
  7752 | D:8      | Found a stormy altar of Qazlal.
  7965 | D:9      | Found a sacrificial altar of Ru.
  8050 | D:9      | Noticed a two-headed ogre
  8065 | D:9      | Mangled by a two-headed ogre

Illustrated notes

Levels and vault maps discovered:
D:1:      pf_arrival_petrified_forest, layout_basic
D:2:      layout_loops_ring, serial_bayou, serial_bayou_shore_a,
          serial_bayou_pond_d, serial_bayou_crossing, serial_bayou_lagoon_a
D:3:      layout_basic, mainiacjoe_overflow_big_doors
D:4:      layout_basic, vehumet_altar_wand_db, nicolae_overflow_crystal_walls,
          dancing_weapons_uskayaw, gup_sewer_entry_bowl, serial_shops,
          nicolae_diamond_shop, minmay_misc_feat_nine_boxes, uniq_pargi
D:5:      layout_basic, lemuel_tele_altar, mainiacjoe_overflow_cross_hatched,
          temple_pool_b
D:6:      minmay_diamond_boxcup, layout_loops_ring, amethyst_killhole,
          corner_web_ring, hangedman_decor_slide_cut
D:7:      layout_basic, chequers_ossuary_entry_cave, kennysheep_flooded_box,
          chequers_serial_rivers_room_b, moated_statue, uniq_duvessa
D:8:      layout_basic, nicolae_qazlal_style_of_elements, ashenzari_altar_1,
          serial_corexii_hall, chequers_hall_statues_wall_a,
          corexii_hall_statues_i, minmay_chambers_of_fives
D:9:      gammafunk_cloud_chamber, layout_layer_cave, marbit_many_paths,
          nicolae_ru_awakened_eye, serial_shops, nicolae_shop_back_alley_shop,
          nicolae_shop_clearance
Temple:   hellmonk_temple_divided_pantheon

Skill      XL: |  1  2  3  4  5  6  7  8  9 10 |
---------------+-------------------------------+-----
Shapeshifting  | 4 5 6 7 8 9 10 | 10.4
Unarmed Combat | 5 8 10 11 | 11.0
Fighting       | |  1.0
Dodging        | |  2.0

Action                     |  1- 3 |  4- 6 |  7- 9 | 10-12 || total
---------------------------+-------+-------+-------+-------++-------
  Melee: Unarmed           |    88 |       |   279 |    62 ||   429
         Constrict         |    30 |    18 |    60 |    15 ||   123
         Tentacles         |    19 |    17 |    10 |       ||    46
         Dagger            |     7 |    76 |     5 |       ||    88
         Punch             |       |     2 |     1 |       ||     3
 Invoke: Berserk           |       |       |     1 |     2 ||     3
         Trog's Hand       |       |       |       |     2 ||     2
    Use: Scroll            |       |       |    11 |       ||    11
   Stab: Sleeping          |     6 |     6 |     2 |     1 ||    15
 Armour: Skin              |    35 |    26 |   121 |    42 ||   224
  Dodge: Dodged            |    56 |    32 |   123 |    23 ||   234
  Block: Buckler           |       |     4 |       |       ||     4
         Other             |       |       |     9 |     6 ||    15
   Form: Flux              |     1 |       |     1 |       ||     2
         Beast             |     1 |       |       |       ||     1
         Anaconda          |       |       |     1 |       ||     1

Table legend: (Time is in decaauts)
 A = Elapsed time spent in this place.
 B = Non-inter-level travel time spent in this place.
 C = Inter-level travel time spent in this place.
 D = Time resting spent in this place.
 E = Time spent auto-exploring this place.
 F = Levels seen in this place.
 G = Mean time per level.
                   A        B        C        D        E       F      G
               +--------+--------+--------+--------+--------+-----+--------+
         Total |   8014 |   7700 |    314 |    186 |   6104 |  12 |  667.8 |
       Dungeon |   6960 |   6646 |    314 |     47 |   5529 |   9 |  773.3 |
        Temple |     59 |     59 |      0 |      0 |     19 |   1 |   59.0 |
         Sewer |    789 |    789 |      0 |    139 |    425 |   1 |  789.0 |
       Ossuary |    205 |    205 |      0 |      0 |    131 |   1 |  205.0 |
               +--------+--------+--------+--------+--------+-----+--------+

Top non-repeatable levels by time:
     D:6: 1092 daAuts
     D:5: 1057 daAuts
     D:3: 903 daAuts
     D:1: 889 daAuts
     D:2: 868 daAuts
   Sewer: 789 daAuts
     D:4: 705 daAuts
     D:8: 648 daAuts
     D:7: 642 daAuts
 Ossuary: 205 daAuts
     D:9: 153 daAuts
  Temple: 59 daAuts
